AoeStats
← TheZenTex

Arabia

508471964Analyzed
1v1 RM · 10d ago on Sep 22, 2026· 30m 41s· 2 players
Game mode
Random Map
Map size
Tiny (2 player)
Population
200
Speed
Normal
Resources
Standard
Victory
Conquest
Starting age
Dark Age
Ending age
Imperial Age
RankedLock teamsTeams togetherTeam positionsShared explorationLock speedFull tech treeHidden civsTurbo modeCheats
Victory
Defeat
🇹🇼 Varangians · Taiwan
1244
+19
🇺🇸 Danes · United States
1303
-19
笹森ひかる
6:36 Loom
7:03 Loom
9:23 Feudal Age
15:13 Castle Age
14:32 Double-Bit Axe
16:10 Scale Mail Armor
16:28 Arson
18:56 Town Watch
20:25 Squires
21:51 Fletching
23:21 Wheelbarrow
23:36 Bodkin Arrow
24:33 Padded Archer Armor
26:34 Bow Saw
26:04 Horse Collar
26:54 Gold Mining
28:18 Leather Archer Armor
30:39 Bloodlines
TheZenTex
7:59 Loom
10:56 Feudal Age
15:09 Castle Age
15:20 Scale Mail Armor
15:44 Double-Bit Axe
15:43 Horse Collar
Connection lost

Rejoining the realm…

Still unreachable

The connection could not be restored.

Session expired

The server has moved on; the page needs a fresh start.